 Dungeon Crawl Stone Soup version 0.30-a0-760-g5a9884bb7c (webtiles) character file.

Game seed: 17897913854969287606

68 BubbleThief the Stinger (level 4, -2/36 HPs)
             Began as a Naga Venom Mage on Feb 11, 2023.
             Slain by a hound (4 damage)
             ... on level 2 of the Dungeon.
             The game lasted 00:03:30 (2150 turns).

BubbleThief the Stinger (Naga Venom Mage)           Turns: 2150, Time: 00:03:30

Health: -2/36      AC:  2    Str: 11    XL:     4   Next: 19%
Magic:  4/8        EV:  9    Int: 17    God:
Gold:   94         SH:  0    Dex: 11    Spells: 4/8 levels left

rFire   . . .      SeeInvis +    e - +0 dagger
rCold   . . .      Faith    .    (no shield)
rNeg    . . .      Spirit   .    a - +0 robe
rPois   +          Reflect  .    (no helmet)
rElec   .          Harm     .    (no cloak)
rCorr   .          Rampage  .    (no gloves)
Will    .....                    (no barding)
Stlth   ++                       (no amulet)
HPRegen 0.26/turn                (no ring)
MPRegen 0.11/turn                (no ring)

@: short of breath, very slow
A: AC +1, large, see invisible, deformed body, poison resistance, slowness 2,
spit poison 1, naga tail 1
a: Spit Poison


You were on level 2 of the Dungeon.
You visited 1 branch of the dungeon, and saw 3 of its levels.

You collected 94 gold pieces.

Inventory:

Hand Weapons
 e - a +0 dagger (weapon)
Armour
 a - a +0 robe (worn)
Scrolls
 f - 3 scrolls of vulnerability {unknown}
 h - 2 scrolls of teleportation {unknown}
 j - a scroll of identify {unknown}
 l - a scroll of poison {unknown}
 m - a scroll of noise {unknown}
 n - 2 scrolls of fog {unknown}
 p - a scroll of magic mapping {unknown}
Potions
 b - 3 potions of magic
 c - 2 potions of flight {unknown}
 d - a potion of attraction {unknown}
 g - a potion of brilliance {unknown}
 i - a potion of degeneration {unknown}
 k - a potion of might {unknown}
 o - a potion of curing {unknown}


   Skills:
 - Level 1.5 Dodging
 - Level 3.0 Stealth
 + Level 2.7 Spellcasting
 + Level 0.2 Conjurations
 + Level 1.1 Transmutations
 * Level 5.7 Poison Magic


You had 4 spell levels left.
You knew the following spells:

 Your Spells              Type           Power      Damage    Failure   Level
a - Sting                 Tmut/Pois      56%        1d5       4%          1
b - Mephitic Cloud        Conj/Pois/Air  9%         N/A       24%         3

Your spell library contained the following spells:

 Spells                   Type           Power      Damage    Failure   Level
 Poisonous Vapours        Pois/Air       24%        N/A       9%          2
 Olgreb's Toxic Radiance  Pois           21%        N/A       17%         4
 Blade Hands              Tmut           3%         N/A       97%         5
 Irradiate                Conj/Tmut      2%         3d12      98%         5
 Dragon Form              Tmut           3%         N/A       100%        7


Dungeon Overview and Level Annotations

Branches:
Dungeon (3/15)

Altars:

Shops:
D:3 =


Innate Abilities, Weirdness & Mutations

Your serpentine skin is tough. (AC +1)
You have supernaturally acute eyesight. (SInv)
Armour fits poorly on your strangely shaped body.
Your system is resistant to poisons. (rPois)
You cover ground very slowly.
You can spit poison.
You have a snake-like lower body.


Message History

The hound looks more healthy.
The hound bites you but does no damage. The hound bites you.
The hound barely misses you. The hound attacks as you move away!
The hound bites you. x2
The hound attacks as you move away! The hound barely misses you. x2
A goblin comes into view. It is wielding a +0 dagger.
The hound closely misses you. The adder attacks as you move away!
The adder closely misses you.
The goblin shouts!
The hound bites you.
There is a stone staircase leading up here.
The hound closely misses you. The adder bites you.
You are poisoned.
The adder poisons you!
You climb upwards.
You feel sick.
There is a stone staircase leading down here.
Aiming: Spit Poison (1% risk of failure)
Press: ? - help, Shift-Dir - straight line, f - adder
Aim: an adder (37% to hit)
The splash of poison misses the adder.
You feel sick. The hound barely misses you. The adder bites you.
* * * LOW HITPOINT WARNING * * *
The hound closely misses you.
Aiming: Sting (safe; 4% risk of failure)
Press: ? - help, Q - select action, (/) - cycle Shift-Dir - straight line, f/p - adder
Aim: an adder (53% to hit)
The sting hits the adder.
The adder is poisoned.
The adder is moderately wounded.
You feel sick. The adder bites you but does no damage. The hound bites you.
* * * LOW HITPOINT WARNING * * *
Aiming: Sting (safe; 4% risk of failure)
Press: ? - help, Q - select action, (/) - cycle Shift-Dir - straight line, f/p - adder
Aim: an adder (moderately wounded, poisoned, 53% to hit)
The sting hits the adder.
The adder looks even sicker.
The adder is severely wounded.
You feel sick.
You are no longer poisoned.
The hound barely misses you. The adder bites you.
* * * LOW HITPOINT WARNING * * *
The hound bites you.
You die...

######## #......#
#.####S# #[# #@# ### #.#
#h##############.. ##.##
#.................
##...##################.#
#.....######## #.#
##...........# #.#
##.#.######.# #.# #.#.#
#.##########.# #.#.#
#...†.........


You could see a hound and an adder (very poisoned).

Vanquished Creatures
  3 adders
  A worm (D:2)
  A dart slug (D:1)
  An orc (D:3)
  7 endoplasms
  2 giant cockroaches (D:2)
  2 hobgoblins
  4 ball pythons
  3 bats (D:1)
  2 frilled lizards (D:1)
  4 goblins
  3 kobolds (D:1)
  2 rats
35 creatures vanquished.

Vanquished Creatures (others)
  A withered plant (D:3)
1 creature vanquished.

Grand Total: 36 creatures vanquished

Notes
Turn   | Place    | Note
-------+----------+-------------------------------------------
     0 | D:1      | BubbleThief the Naga Venom Mage began the quest for the
                  | Orb.
     0 | D:1      | Reached XP level 1. HP: 15/15 MP: 3/3
   220 | D:1      | Reached XP level 2. HP: 22/22 MP: 3/5
  1007 | D:2      | Reached skill level 5 in Poison Magic
  1012 | D:2      | Reached XP level 3. HP: 24/28 MP: 1/6
  1987 | D:3      | Learned a level 3 spell: Mephitic Cloud
  2034 | D:3      | Found Yhigagikk's Jewellery Shoppe.
  2053 | D:3      | Reached XP level 4. HP: 29/36 MP: 3/8
  2150 | D:2      | Slain by a hound

Illustrated notes

Levels and vault maps discovered:
D:1:      dpeg_arrival_erosion, layout_basic, minivault_4
D:2:      minmay_skewed_foursquare, layout_loops_ring,
          chequers_serial_rivers_micro_b
D:3:      layout_loops_ring, kiku_gazebo_garden_becter, amcnicky_altar_gilded,
          serial_shops, shop, chequers_jeans, minmay_tree_intersection

Skill      XL: |  1  2 |
---------------+-------+-----
Poison Magic   | 5 |  5.7
Dodging        | |  1.5
Stealth        | |  3.0
Spellcasting   | |  2.7
Conjurations   | |  0.2
Transmutations | |  1.1

Action                     |  1- 3 |  4- 6 || total
---------------------------+-------+-------++-------
   Cast: Sting             |    39 |     6 ||    45
Ability: Spit Poison       |    27 |     4 ||    31
 Armour: Robe              |     2 |     2 ||     4
  Dodge: Dodged            |     9 |    14 ||    23

Table legend: (Time is in decaauts)
 A = Elapsed time spent in this place.
 B = Non-inter-level travel time spent in this place.
 C = Inter-level travel time spent in this place.
 D = Time resting spent in this place.
 E = Time spent auto-exploring this place.
 F = Levels seen in this place.
 G = Mean time per level.
                   A        B        C        D        E       F      G
               +--------+--------+--------+--------+--------+-----+--------+
         Total |   2777 |   2706 |     71 |      0 |   2455 |   3 |  925.7 |
       Dungeon |   2777 |   2706 |     71 |      0 |   2455 |   3 |  925.7 |
               +--------+--------+--------+--------+--------+-----+--------+

Top non-repeatable levels by time:
     D:1: 1291 daAuts
     D:2: 1285 daAuts
     D:3: 201 daAuts
